 Dungeon Crawl Stone Soup version 0.27.1-34-g3ba077fa99 (webtiles) character file.

Game seed: 1402558625839244215

1054464 forever1922 the Petrodigitator (level 27, -2/194 HPs)
             Began as a Gargoyle Earth Elementalist on Jan 12, 2022.
             Was the Champion of Vehumet.
             Killed from afar by an orb of fire (8 damage)
             ... with a fireball
             ... on level 19 of a ziggurat on Jan 13, 2022.
             The game lasted 05:21:49 (87243 turns).

forever1922 the Petrodigitator (GrEE)              Turns: 87243, Time: 05:21:50

Health: -2/194     AC: 62    Str: 12    XL:     27
Magic:  6/58       EV: 13    Int: 41    God:    Vehumet [******]
Gold:   4234       SH: 28    Dex: 12    Spells: 11/70 levels left

rFire    + + .     SeeInvis +   J - staff of earth
rCold    + + +     Faith    .   S - +8 tower shield
rNeg     + + +     Spirit   .   K - +10 pearl dragon scales
rPois    ∞         Reflect  .   k - +2 hat {Int+3}
rElec    +         Harm     .   H - +2 cloak {rCorr}
rCorr    +         Rampage  .   z - +0 pair of gloves "Hutwiac" {MP+9 Dex+2}
Will     ++++.     Rnd*Tele +   L - +1 pair of boots "Fuogagoe" {rPois rF+ rCorr Slay-3}
Stlth    ..........             e - amulet "Zoruapso" {RegenMP rPois Will++ Int+5}
HPRegen  0.42/turn              U - ring "Subbasyuh" {Wiz rC+++ Dex-5 SInv Stlth-}
MPRegen  0.61/turn              C - ring of Kif Erel {rN+ Int+4 Dex+5}

@: resistant, flying, studying 3 skills
A: sickness immunity, AC +20, big wings, negative energy resistance 1,
electricity resistance, torment resistance 1, petrification resistance, talons
1, clever 1, teleportitis 2, weak 1
}: 7/15 runes: serpentine, barnacled, slimy, silver, iron, icy, bone
a: Renounce Religion


You were on level 19 of a ziggurat.
You worshipped Vehumet.
Vehumet was exalted by your worship.
You visited 17 branches of the dungeon, and saw 79 of its levels.
You visited the Abyss 1 time.
You visited 1 bazaar.
You visited 1 ziggurat, and saw 19 of its levels.
You also visited: Ossuary, Gauntlet, Ice Cave and Volcano.

You collected 12246 gold pieces.
You spent 8012 gold pieces at shops.

Inventory:

Hand Weapons
 b - the +9 demon trident "Xoerir" {venom, rC+ Str+3}
   (You found it on level 1 of the Depths)

   It poisons the flesh of those it strikes.
   Str:       It affects your strength (+3).
   rC:        It protects you from cold.
 t - the +7 long sword of Embarrassment {freeze, rPois rF++}
   (You bought it in a shop on level 2 of the Dungeon)

   It freezes those it strikes, dealing additional cold damage.
   It can also slow down cold-blooded creatures.
   rF:        It greatly protects you from fire.
   rPois:     It protects you from poison.
 N - the +4 staff of Dispater
   (You took it off Dispater on level 7 of the Iron City of Dis)

   It can be evoked to hurl damnation at the cost of health and magic, with
   strength depending on Evocations skill.
 X - the +11 long sword of forever1922's Misery {freeze, Int+6}
   (You found it on level 7 of a ziggurat)

   It freezes those it strikes, dealing additional cold damage.
   It can also slow down cold-blooded creatures.
   Int:       It affects your intelligence (+6).
Missiles
 c - 1674 stones
Armour
 k - a +2 hat of intelligence (worn)
 l - the +0 pair of boots of Action {*Corrode +Inv rF+ rC++}
   (You bought it in a shop on level 2 of the Elven Halls)

   rF:        It protects you from fire.
   rC:        It greatly protects you from cold.
   +Inv:      It lets you turn invisible.
   *Corrode:  It may corrode you when you take damage.
 v - a +2 pair of gloves of strength
 z - the +0 pair of gloves "Hutwiac" (worn) {MP+9 Dex+2}
   (You found it on level 5 of the Pits of Slime)

   Dex:       It affects your dexterity (+2).
   MP:        It affects your magic capacity (+9).
 H - a +2 cloak of preservation (worn)
 K - +10 pearl dragon scales (worn)
 L - the +1 pair of boots "Fuogagoe" (worn) {rPois rF+ rCorr Slay-3}
   (You found it in a Gauntlet)

   Slay:      It affects your accuracy & damage with ranged weapons and melee
   (-3).
   rF:        It protects you from fire.
   rPois:     It protects you from poison.
   rCorr:     It protects you from acid and corrosion.
 S - a +8 tower shield (worn)
 V - a +3 kite shield of reflection
Magical Staves
 J - a staff of earth (weapon)
Jewellery
 e - the amulet "Zoruapso" (around neck) {RegenMP rPois Will++ Int+5}
   (You bought it in a shop on level 2 of the Orcish Mines)

   [amulet of magic regeneration]

   It increases your rate of magic regeneration.
   Int:       It affects your intelligence (+5).
   rPois:     It protects you from poison.
   Will:      It greatly increases your willpower.
 f - the ring "Mesy" {MP+9 Str+4}
   (You found it on level 10 of a ziggurat)

   [ring of magical power]

   Str:       It affects your strength (+4).
   MP:        It affects your magic capacity (+9).
 h - the ring of Shadows {Umbra +Inv Stlth+}
   (You found it on level 6 of a ziggurat)

   [ring of stealth]

   It surrounds you with an aura of shadow, increasing your stealth and reducing
   the accuracy of all within it (including the wearer).
   +Inv:      It lets you turn invisible.
   Stlth:     It makes you more stealthy.
 s - the ring of Yduedov {Fly MP+9 Dex+3}
   (You found it on level 3 of the Elven Halls)

   [ring of flight]

   Dex:       It affects your dexterity (+3).
   MP:        It affects your magic capacity (+9).
   Fly:       It grants you flight.
 u - the ring of Tajiptiyme {rN+ Str+3 Dex+4 Slay+4}
   (You found it on level 14 of a ziggurat)

   [ring of slaying]

   Str:       It affects your strength (+3).
   Dex:       It affects your dexterity (+4).
   Slay:      It affects your accuracy & damage with ranged weapons and melee
   (+4).
   rN:        It protects you from negative energy.
 y - the ring of the Camelopard {Will+ Int+3 SInv}
   (You found it in a Gauntlet)

   [ring of willpower]

   Int:       It affects your intelligence (+3).
   SInv:      It lets you see invisible.
   Will:      It increases your willpower.
 C - the ring of Kif Erel (right hand) {rN+ Int+4 Dex+5}
   (You found it on level 1 of the Elven Halls)

   [ring of positive energy]

   Int:       It affects your intelligence (+4).
   Dex:       It affects your dexterity (+5).
   rN:        It protects you from negative energy.
 D - the macabre finger necklace {rN+}
   (You bought it in a shop on level 4 of the Snake Pit)

   [amulet of nothing]

   It enables you to equip an extra ring.
   rN:        It protects you from negative energy.
 G - the ring "Waumaqax" {rF+ rCorr MP+9}
   (You found it on level 7 of Tartarus)

   [ring of magical power]

   rF:        It protects you from fire.
   MP:        It affects your magic capacity (+9).
   rCorr:     It protects you from acid and corrosion.
 R - the amulet "Woiniunt" {Fragile rC+ Regen+ Str+3 Dex+7}
   (You took it off a mummy priest on level 1 of the Tomb of the Ancients)

   [amulet of regeneration]

   Str:       It affects your strength (+3).
   Dex:       It affects your dexterity (+7).
   rC:        It protects you from cold.
   Regen:     It increases your rate of health regeneration.
   Fragile:   It will be destroyed if unequipped.
 U - the ring "Subbasyuh" (left hand) {Wiz rC+++ Dex-5 SInv Stlth-}
   (You acquired it on level 1 of the Vaults)

   [ring of wizardry]

   It improves your spell success rate.
   Dex:       It affects your dexterity (-5).
   rC:        It renders you almost immune to cold.
   SInv:      It lets you see invisible.
   Stlth:     It makes you less stealthy.
 Y - the ring "Egiatz" {rC+ Slay+3}
   (You found it on level 17 of a ziggurat)

   [ring of protection from cold]

   Slay:      It affects your accuracy & damage with ranged weapons and melee
   (+3).
   rC:        It protects you from cold.
Wands
 i - a wand of digging (26)
 n - a wand of mindburst (17)
 o - a wand of paralysis (26)
 r - a wand of charming (65)
 x - a wand of polymorph (56)
 M - a wand of iceblast (55)
 P - a wand of flame (272)
Scrolls
 a - 8 scrolls of magic mapping
 d - 58 scrolls of identify
 m - 7 scrolls of silence
 O - 4 scrolls of enchant armour
 W - 25 scrolls of teleportation
 Z - 8 scrolls of amnesia
Potions
 g - 7 potions of cancellation
 j - 2 potions of resistance
 p - 7 potions of mutation
 q - 4 potions of brilliance
 A - 25 potions of curing
 B - 7 potions of haste
 T - 9 potions of might
Miscellaneous
 Q - the horn of Geryon


   Skills:
 + Level 25.6 Fighting
 - Level 8.1 Long Blades
 - Level 12.0 Staves
 + Level 22.7 Armour
 + Level 17.0 Dodging
 - Level 2.1 Stealth
 + Level 18.8 Shields
 + Level 22.2 Spellcasting
 + Level 22.7 Conjurations
 - Level 4.0 Necromancy
 - Level 11.1 Translocations
 - Level 0.7 Transmutations
 + Level 23.4 Fire Magic
 * Level 16.9 Ice Magic
 O Level 27 Earth Magic
 + Level 14.3 Evocations


You had 11 spell levels left.
You knew the following spells:

 Your Spells              Type           Power      Damage    Failure   Level
a - Shatter               Erth           79%        3d57*     1%          9
b - Lee's Rapid Deconstr  Erth           79%        3d36*     0%          5
c - Sandblast             Erth           100%       2d20      0%          1
d - Fire Storm            Conj/Fire      62%        8d16      2%          9
e - Bolt of Magma         Conj/Fire/Erth 76%        4d29      0%          5
f - Borgnjor's Vile Clut  Necr/Erth      65%        N/A       1%          5
h - Polar Vortex          Ice            55%        N/A       26%         9
r - Blink                 Tloc           N/A        N/A       1%          2
s - Iron Shot             Conj/Erth      77%        9d14      0%          6
z - Lehudib's Crystal Sp  Conj/Erth      77%        10d17     1%          8

Your spell library contained the following spells:

 Spells                   Type           Power      Damage    Failure   Level
 Foxfire                  Conj/Fire      100%       2x1d9     0%          1
 Magic Dart               Conj           100%       1d8       0%          1
 Passwall                 Tmut/Erth      100%       N/A       0%          2
 Conjure Flame            Conj/Fire      100%       6-21      0%          3
 Frozen Ramparts          Ice            100%       1d12      0%          3
 Ozocubu's Armour         Ice            100%       N/A       0%          3
 Stone Arrow              Conj/Erth      100%       3d13      0%          3
 Hailstorm                Conj/Ice       100%       3d20      0%          4
 Sticky Flame             Conj/Fire      100%       2d11      0%          4
 Fireball                 Conj/Fire      62%        3d24      0%          5
 Iskenderun's Battlesphe  Conj           100%       2d15      0%          5
 Animate Skeleton         Necr           100%       N/A       1%          1
 Apportation              Tloc           100%       N/A       1%          1
 Beastly Appendage        Tmut           100%       N/A       1%          1
 Corona                   Hex            50%        N/A       1%          1
 Pain                     Necr           100%       1d9       1%          1
 Shock                    Conj/Air       100%       1d9       1%          1
 Sting                    Tmut/Pois      100%       1d8       1%          1
 Summon Small Mammal      Summ           100%       N/A       1%          1
 Call Imp                 Summ           45%        N/A       1%          2
 Corpse Rot               Necr/Air       N/A        N/A       1%          2
 Ensorcelled Hibernation  Hex/Ice        100%       N/A       1%          2
 Poisonous Vapours        Pois/Air       90%        N/A       1%          2
 Slow                     Hex            45%        N/A       1%          2
 Static Discharge         Conj/Air       95%        N/A       1%          2
 Wereblood                Tmut           51%        N/A       1%          2
 Dazzling Flash           Conj/Hex       100%       N/A       1%          3
 Gell's Gravitas          Tloc           47%        N/A       1%          3
 Ignite Poison            Fire/Tmut/Pois 84%        N/A       1%          3
 Inner Flame              Hex/Fire       97%        N/A       1%          3
 Lesser Beckoning         Tloc           47%        N/A       1%          3
 Mephitic Cloud           Conj/Pois/Air  82%        N/A       1%          3
 Portal Projectile        Hex/Tloc       100%       N/A       1%          3
 Teleport Other           Tloc           95%        N/A       1%          3
 Vampiric Draining        Necr           34%        2d10      1%          3
 Animate Armour           Summ/Erth      100%       N/A       1%          4
 Fulminant Prism          Conj/Hex       47%        3d21      1%          4
 Ice Form                 Ice/Tmut       87%        N/A       1%          4
 Iskenderun's Mystic Bla  Conj/Tloc      100%       2d19      1%          4
 Leda's Liquefaction      Hex/Erth       62%        N/A       1%          4
 Passage of Golubria      Tloc           N/A        N/A       1%          4
 Petrify                  Tmut/Erth      100%       N/A       1%          4
 Summon Ice Beast         Ice/Summ       86%        N/A       1%          4
 Freezing Cloud           Conj/Ice/Air   50%        6-21      1%          5
 Irradiate                Conj/Tmut      48%        3d30      1%          5
 Lightning Bolt           Conj/Air       47%        1d68      1%          5
 Manifold Assault         Tloc           95%        N/A       1%          5
 Metabolic Englaciation   Hex/Ice        43%        N/A       1%          5
 Dispersal                Tloc           47%        N/A       1%          6
 Starburst                Conj/Fire      62%        6d16      1%          6
 Orb of Destruction       Conj           62%        9d17      1%          7
 Ozocubu's Refrigeration  Ice            55%        4d16      1%          7
 Ignition                 Fire           63%        3d17      1%          8
 Animate Dead             Necr           34%        N/A       2%          4
 Dispel Undead            Necr           68%        3d23      2%          4
 Simulacrum               Ice/Necr       46%        N/A       2%          6
 Spellforged Servitor     Conj/Summ      47%        N/A       2%          7
 Call Canine Familiar     Summ           45%        N/A       3%          3
 Confusing Touch          Hex            45%        N/A       3%          3
 Spider Form              Tmut/Pois      24%        N/A       3%          3
 Summon Guardian Golem    Hex/Summ       45%        N/A       3%          3
 Swiftness                Air            45%        N/A       3%          3
 Tukima's Dance           Hex            45%        N/A       3%          3
 Airstrike                Air            22%        N/A       3%          4
 Olgreb's Toxic Radiance  Pois           45%        N/A       3%          4
 Summon Forest            Summ/Tloc      37%        N/A       3%          5
 Agony                    Necr           68%        N/A       6%          5
 Excruciating Wounds      Necr           34%        N/A       6%          5
 Yara's Violent Unravell  Hex/Tmut       24%        3d11      8%          5
 Summon Lightning Spire   Summ/Air       45%        N/A       12%         4
 Alistair's Intoxication  Tmut/Pois      32%        N/A       26%         5
 Summon Mana Viper        Hex/Summ       45%        N/A       32%         5
 Death Channel            Necr           34%        N/A       32%         6
 Eringya's Noxious Bog    Tmut/Pois      24%        N/A       34%         6
 Disjunction              Tloc           47%        N/A       56%         8
 Malign Gateway           Summ/Tloc      37%        N/A       65%         7
 Invisibility             Hex            22%        N/A       85%         6
 Shadow Creatures         Summ           N/A        N/A       85%         6
 Chain Lightning          Conj/Air       47%        3d63      89%         9
 Haunt                    Necr/Summ      29%        N/A       98%         7
 Monstrous Menagerie      Summ           22%        N/A       100%        7
 Summon Hydra             Summ           22%        N/A       100%        7
 Infestation              Necr           34%        N/A       100%        8
 Maxwell's Capacitive Co  Air            22%        ∞         100%        8
 Summon Horrible Things   Summ           22%        N/A       100%        8
 Death's Door             Necr           34%        N/A       100%        9
 Sublimation of Blood     Necr           Unusable   N/A       N/A         2
 Statue Form              Tmut/Erth      Unusable   N/A       N/A         6

Dungeon Overview and Level Annotations

Branches:
Dungeon (15/15)            Temple (1/1) D:6            Lair (6/6) D:11
 Shoals (4/4) Lair:4        Snake (4/4) Lair:4        Slime (5/5) Lair:6
    Orc (2/2) D:11            Elf (3/3) Orc:2        Vaults (5/5) D:14
  Crypt (3/3) Vaults:2       Tomb (1/3) Crypt:3      Depths (5/5) D:15
   Hell (visited)             Dis (7/7) Hell            Geh (0/7) Hell
    Coc (7/7) Hell            Tar (7/7) Hell            Zot (3/5) Depths:5
Ossuary (visited)           IceCv (visited)         Volcano (visited)
Gauntlet (visited)

Altars:
Ashenzari
Dithmenos
Elyvilon
Fedhas
Gozag
Hepliaklqana
Kikubaaqudgha
Makhleb
Nemelex Xobeh
Okawaru
Qazlal
Ru
Sif Muna
Trog
Uskayaw
Vehumet
Wu Jian
Xom
Yredelemnul
Zin
The Shining One

Shops:
D:2 (::(   D:4 !:   D:7 ?   D:10 ?   D:11 ([   Orc:1 *   Orc:2 (=[!   Elf:2 [
Elf:3 :   Snake:3 :   Snake:4 *?[([(*[*(   Depths:1 *   Depths:5 ((

Portals:
Hell: Lair:6 Depths:1 Depths:2 Depths:3 Depths:4 Depths:5
Abyss: Depths:1 Depths:4
Pandemonium: Depths:3 Depths:4

Annotations:
D:13 exclusion: 4 oklob plants
Zot:2 1 transporter
Zig:19 exclusion: oklob plant


Innate Abilities, Weirdness & Mutations

You are immune to sickness and miasma.
Your stone body is resilient. (AC +20)
You are immune to poison.
Your large and strong wings let you fly.
You resist negative energy. (rN+)
You are resistant to electric shocks. (rElec)
You are resistant to unholy torment.
You are immune to petrification.
You have sharp toenails.
Your mind is acute. (Int +2)
You are sometimes teleported next to monsters.
You are weak. (Str -2)


Message History

The fire elemental is severely damaged.
The orb of fire glows yellow.
The fireball explodes!
The fireball engulfs the orb of fire.
The orb of fire completely resists.
The fireball engulfs the orb of fire.
The orb of fire completely resists.
The fireball engulfs you! You resist.
* * * LOW HITPOINT WARNING * * *
The fireball engulfs the plant!!!
The plant is destroyed!
The orb of fire emits a lurid red light.
Strange energies course through your body.
You feel weaker.
A fire dragon comes into view.
A fire giant comes into view.
It is wielding a +1 great sword of flaming.
A fire dragon comes into view.
The fire dragon breathes flames at you.
The blast of flame hits the orb of fire.
The orb of fire completely resists.
The blast of flame hits you. You resist.
* * * LOW HITPOINT WARNING * * *
The orb of fire glows deep purple.
The bolt of fire hits you. You resist.
* * * LOW HITPOINT WARNING * * *
A fire crab comes into view.
Unknown command.
Unknown command.
Unknown command.
Unknown command.
Unknown command.
You feel better.
The orb of fire glows bright magenta.
The bolt of fire hits you! You resist.
* * * LOW HITPOINT WARNING * * *
The orb of fire glows red.
The fireball explodes!
The fireball engulfs the orb of fire.
The orb of fire completely resists.
The fireball engulfs the orb of fire.
The orb of fire completely resists.
The fireball engulfs the orb of fire.
The orb of fire completely resists.
The fireball engulfs you! You resist.
* * * LOW HITPOINT WARNING * * *
The orb of fire emits a lurid red light.
The fireball explodes!
The fireball engulfs you! You resist.
You die...

▓..∩.§...○..)○☼.○...
▓▓........)).t○...)D
▓....)....†..DC)...
▓...........E†)..†.
▓.........†D).D....
▓▓.........).......
▓▓........*.D.....
▓▓.......**......
▓......@.......
▓▓.............
▓▓▓...........
▓▓▓▓........
▓▓▓▓▓▓▓.▓ ▓


You could see 3 orbs of fire, a fire giant, 5 fire dragons, a fire crab and a
fire elemental.

Vanquished Creatures
  Antaeus (Coc:7)
  the Royal Jelly (Slime:5)
  Dissolution (Slime:2)
  Ereshkigal (Tar:7)
  the Serpent of Hell (Coc:7)
  Dispater (Dis:7)
  5 dread liches
  2 pandemonium lords
  2 orbs of fire (Zig:19)
  7 ancient liches
  6 juggernauts
  Boris (twice) (Vaults:4 Depths:5)
  9 shard shrikes
  Sojobo (Vaults:2)
  29 royal mummies
  4 Killer Klowns
  Saint Roka (Depths:3)
  8 caustic shrikes
  Geryon (Hell)
  Nikola (Vaults:3)
  7 golden dragons
  Jory (Vaults:4)
  7 bone dragons
  24 Tzitzimimeh
  An electric golem (Zot:1)
  4 Brimstone Fiends
  14 doom hounds
  13 iron giants
  2 hellephants (Zig:16)
  7 Hell Sentinels (Dis:7)
  17 tentacled monstrosities
  19 Ice Fiends
  11 liches
  Asterion (Snake:2)
  3 deep elf blademasters
  4 deep elf master archers
  28 acid blobs
  10 quicksilver dragons
  An Executioner (Dis:5)
  11 titans
  24 ancient champions
  23 sphinxes
  A tentacled starspawn (Abyss:1)
  4 draconian monks
  3 death cobs
  8 tengu reavers
  18 shadow dragons
  5 storm dragons
  Donald (Elf:1)
  16 azure jellies
  3 revenants
  11 iron dragons
  Roxanne (Shoals:4)
  2 nagarajas
  6 rockslimes
  9 frost giants
  14 fire giants
  15 vault wardens
  A draconian knight (Depths:5)
  2 emperor scorpions (Zig:17)
  Aizul (Depths:3)
  A warmonger (Zig:4)
  7 ghost moths
  13 deep elf sorcerers
  9 balrugs
  A curse skull (Crypt:2)
  4 draconian scorchers (Zot:3)
  7 orc warlords
  A draconian stormcaller (Zig:2)
  Louise (D:14)
  A cacodemon (Dis:7)
  61 reapers
  14 ghouls
  6 deep elf elementalists
  4 draconian shifters
  9 quicksilver oozes
  31 very ugly things
  2 draconian annihilators
  27 stone giants
  A spriggan defender (Depths:4)
  2 bennus (Tomb:1)
  14 ironbound preservers
  7 deep elf demonologists
  4 green draconians
  23 war gargoyles
  6 elemental wellsprings
  28 vampire knights
  7 dire elephants
  A minotaur (Gauntlet)
  A white draconian (Zot:1)
  4 yellow draconians
  2 lorocyprocas
  5 black draconians
  6 red draconians
  4 entropy weavers
  A spark wasp (Depths:4)
  An entropy weaver (shapeshifter) (Vaults:5)
  7 eidola
  4 purple draconians
  10 deep elf annihilators
  9 blizzard demons
  A minotaur (shapeshifter) (D:13)
  A merfolk javelineer (Depths:2)
  An eleionoma (shapeshifter) (Zig:10)
  3 crystal guardians
  25 ettins
  10 deep elf death magi
  12 merfolk impalers
  A green death (Dis:5)
  9 mummy priests
  4 kraken zombies
  11 deep elf high priests
  15 fire dragons
  5 quicksilver dragon zombies
  11 yaktaur captains
  15 jiangshi
  8 salamander tyrants (Snake:4)
  6 boulder beetles
  13 great orbs of eyes
  4 quicksilver dragon skeletons
  5 rakshasas
  9 naga warriors
  9 ironbound thunderhulks
  Erolcha (D:12)
  3 peacekeepers
  4 merfolk avatars
  3 hell beasts
  4 spriggan air magi
  26 ice dragons
  3 ogre magi
  37 vault guards
  20 hydras
  2 alligator snapping turtles (Shoals:4)
  A death knight (Crypt:2)
  9 anacondas
  Erica (D:10)
  2 ironbound frosthearts
  2 catoblepae
  8 centaur warriors
  3 merfolk aquamancers (Shoals:4)
  12 two-headed ogres
  4 satyrs
  34 dancing weapons
  8 death scarabs
  4 death yaks (Lair:6)
  A satyr (shapeshifter) (Vaults:5)
  5 titan zombies
  5 orc high priests
  12 vampire magi
  A thrashing horror (Abyss:2)
  26 deep troll shamans
  A hell hog (Depths:1)
  20 hell knights
  6 spriggan berserkers
  14 tengu warriors
  27 deep troll earth magi
  A spriggan (Depths:4)
  4 ironbound beastmasters
  4 shock serpents
  18 naga sharpshooters
  5 iron golems
  Sonja (Lair:1)
  18 soul eaters
  31 deep elf knights
  4 fire crabs (Zig:19)
  4 storm dragon zombies
  A fire crab (shapeshifter) (Vaults:5)
  33 iron trolls
  12 sun demons
  A deep troll (shapeshifter) (Vaults:5)
  5 shadow wraiths
  5 storm dragon skeletons
  6 salamander mystics
  20 sea snakes
  6 titan skeletons
  A spark wasp zombie (Crypt:1)
  2 sixfirhies
  164 skeletal warriors
  5 death drakes
  A glowing orange brain (shapeshifter) (Zig:10)
  9 glowing orange brains
  5 shadow dragon zombies
  2 ghost moth zombies
  5 flayed ghosts
  59 deep trolls
  10 anaconda zombies
  7 naga ritualists
  14 wizards
  3 golden dragon zombies
  3 quicksilver dragon simulacra (Crypt:2)
  2 bog bodies (IceCv)
  2 orange crystal statues
  14 shadow demons
  A kraken simulacrum (Coc:4)
  A spriggan druid (Zig:3)
  A bunyip skeleton (Crypt:3)
  6 lindwurms
  Pikel (D:5)
  2 obsidian statues (Zig:4)
  45 harpies
  5 anaconda skeletons
  17 ironbound convokers
  3 golden dragon skeletons
  19 orc knights
  46 phantasmal warriors
  14 necromancers
  40 deep elf pyromancers
  37 deep elf zephyrmancers
  9 shining eyes
  20 deep elf archers
  8 iron dragon zombies
  8 orb spiders (Zig:17)
  10 mana vipers
  A wolf spider zombie (Tar:5)
  3 human zombies
  63 ugly things
  5 shadow dragon skeletons
  10 frost giant zombies
  4 stone giant zombies
  6 orc sorcerers
  7 fire giant zombies
  12 manticores
  10 oklob plants (Zig:19)
  7 wolf spiders
  18 fauns
  A sphinx skeleton (Crypt:3)
  A shock serpent zombie (Tar:5)
  9 merfolk sirens
  A cyclops (shapeshifter) (Vaults:1)
  20 salamanders
  7 cyclopes
  8 iron dragon skeletons
  4 water nymphs (Shoals:4)
  7 fire giant skeletons
  7 guardian serpents
  25 rust devils
  15 elephants
  18 naga magi
  13 moths of wrath
  9 smoke demons
  16 vault sentinels
  4 apocalypse crabs
  6 torpor snails
  5 ice statues
  A torpor snail (shapeshifter) (Zig:9)
  38 black mambas
  2 stone giant skeletons
  A black mamba (shapeshifter) (Vaults:5)
  6 eyes of devastation
  15 cane toads
  2 storm dragon simulacra
  3 molten gargoyles (Hell)
  2 emperor scorpion zombies (Dis:3)
  4 orange demons (Lair:6)
  A gargoyle (D:11)
  5 dire elephant skeletons
  A yaktaur zombie (Vaults:3)
  5 frost giant skeletons
  Maggie (D:10)
  A cane toad (shapeshifter) (Vaults:5)
  A shock serpent skeleton (Tar:4)
  A minotaur zombie (Dis:7)
  2 spriggan skeletons
  An unseen horror (shapeshifter) (D:14)
  A catoblepas zombie (Tar:5)
  A purple draconian zombie (Crypt:2)
  46 freezing wraiths
  4 unseen horrors
  4 dire elephant zombies
  11 komodo dragons
  2 kobold demonologists (D:9)
  8 efreet
  A komodo dragon (shapeshifter) (D:11)
  An anaconda simulacrum (IceCv)
  A sea snake zombie (Hell)
  13 hellions
  A yaktaur (shapeshifter) (D:14)
  A golden dragon simulacrum (Crypt:2)
  30 yaktaurs
  21 guardian mummies
  33 tormentors
  6 demonic crawlers
  10 rime drakes
  A minotaur skeleton (Crypt:3)
  7 red devils
  5 tengu conjurers
  2 ancient zymes
  3 catoblepas skeletons
  A death yak skeleton (Crypt:1)
  A purple draconian skeleton (Tomb:1)
  34 ice devils
  4 jumping spiders (Zig:17)
  19 hydra zombies
  A harpy zombie (Coc:5)
  3 silent spectres
  A sea snake skeleton (Hell)
  A queen bee (D:13)
  An iron troll skeleton (Crypt:1)
  9 polar bears
  A shadow dragon simulacrum (Crypt:2)
  3 meliai (D:13)
  A tyrant leech (Zig:3)
  26 merfolk
  18 trolls
  2 wolf spider simulacra (Crypt:2)
  A death drake zombie (Crypt:1)
  15 blink frogs
  3 raiju (Abyss:2)
  A jumping spider zombie (Crypt:2)
  5 ettin zombies
  A harpy skeleton (Tar:5)
  7 wind drakes
  10 dream sheep
  138 slime creatures
  5 hornets
  9 hydra skeletons
  A slime creature (shapeshifter) (Elf:3)
  3 fire giant simulacra
  7 snapping turtles
  A deep troll zombie (Vaults:3)
  5 alligator zombies
  An ice dragon skeleton (Tar:4)
  5 fire dragon zombies
  2 frost giant simulacra
  2 ice dragon zombies
  2 dire elephant simulacra
  2 fire dragon skeletons
  2 air elementals (Zig:15)
  A black mamba zombie (Crypt:1)
  94 flying skulls
  3 tarantellas (Zig:17)
  A centaur simulacrum (D:14)
  25 water elementals
  2 elf zombies
  52 shadows
  5 alligator skeletons
  6 ettin skeletons
  10 redbacks
  10 wyverns
  39 wraiths
  2 vampires
  A ynoxinul (Depths:4)
  A satyr skeleton (Crypt:2)
  8 fire elementals
  2 hogs (shapeshifter)
  A yak (shapeshifter) (Vaults:5)
  28 yaks
  4 small abominations
  7 ushabtiu (Tomb:1)
  9 basilisks
  5 chaos spawn
  A black mamba skeleton (Tar:3)
  3 golden eyes
  A minotaur simulacrum (Crypt:2)
  6 steam dragons
  A warg (shapeshifter) (Vaults:5)
  4 death yak simulacra (IceCv)
  6 vampire mosquitoes
  Menkaure (D:6)
  An emperor scorpion simulacrum (Crypt:2)
  A glowing shapeshifter zombie (Crypt:3)
  7 wargs
  An acid dragon (shapeshifter) (Vaults:5)
  2 acid dragons
  5 hydra simulacra
  A swamp worm (shapeshifter) (Depths:3)
  12 cane toad zombies
  48 nagas
  34 hell hounds
  A merfolk skeleton (Coc:4)
  40 orc warriors
  20 water moccasins
  A swamp drake (Orc:1)
  A floating eye (Depths:3)
  A sky beast (D:7)
  5 snapping turtle zombies
  6 ice beasts
  35 necrophages
  A gelid demonspawn skeleton (Crypt:2)
  An alligator simulacrum (Crypt:1)
  A swamp dragon skeleton (Coc:2)
  5 black bears
  2 boggarts (Depths:1)
  4 cane toad skeletons
  10 centaurs
  4 swamp dragon zombies
  13 wolves
  17 ogres
  A manticore skeleton (Tar:4)
  2 manticore zombies
  A tengu (shapeshifter) (Zig:10)
  A snapping turtle skeleton (Dis:5)
  7 phantoms
  2 lindwurm skeletons
  A dream sheep skeleton (Crypt:3)
  A lemure (D:5)
  A kobold brigand (D:9)
  12 bullfrogs
  A palentonga zombie (Crypt:3)
  2 earth elementals
  5 two-headed ogre simulacra (IceCv)
  6 cane toad simulacra
  5 scorpions
  A merfolk simulacrum (Crypt:2)
  2 water moccasin skeletons
  An elf skeleton (Tar:5)
  4 water moccasin zombies
  A human simulacrum (Vaults:3)
  A spriggan zombie (Tar:6)
  55 wights
  37 killer bees (D:13)
  A swamp dragon simulacrum (Crypt:2)
  2 elephant simulacra (IceCv)
  A raiju skeleton (Crypt:2)
  A snapping turtle simulacrum (Crypt:2)
  9 electric eels
  5 howler monkeys
  2 crimson imps
  3 centaur zombies
  6 centaur skeletons
  2 jellies
  3 bullfrog skeletons
  19 orc priests
  A hound (D:6)
  28 iron imps
  A human skeleton (Tar:7)
  Crazy Yiuf (D:2)
  Jessica (D:2)
  4 gnoll shamans
  3 iguanas
  25 orc wizards
  2 polar bear simulacra (IceCv)
  5 spriggan simulacra
  8 troll simulacra (IceCv)
  2 killer bee zombies
  A wolf simulacrum (IceCv)
  A felid zombie (Crypt:2)
  A naga zombie (Dis:7)
  A naga skeleton (Tar:5)
  A tengu skeleton (Dis:3)
  31 mummies
  3 howler monkey zombies
  12 gnolls
  2 howler monkey skeletons
  2 adders
  5 naga simulacra (IceCv)
  11 shadow imps
  27 white imps
  3 ufetubi
  3 adder zombies (Ossuary)
  An adder skeleton (D:4)
  2 worms
  A dart slug (D:2)
  96 orcs
  3 ball pythons
  5 endoplasms
  3 giant cockroaches
  4 gnoll zombies (Ossuary)
  5 goblins
  8 hobgoblins
  12 jackals
  3 quokkas
  6 bats
  4 frilled lizards
  A hobgoblin skeleton (Crypt:3)
  7 hobgoblin zombies (Ossuary)
  A jackal zombie (Crypt:3)
  13 kobolds
  2 kobold skeletons
  8 kobold zombies
  4 orc zombies
  2 rats
  A river rat skeleton (Crypt:2)
  5 plants
  2 tentacles (Coc:3)
  A withered plant (Depths:4)
4240 creatures vanquished.

Vanquished Creatures (collateral kills)
  A royal mummy (Zig:13)
  2 Killer Klowns
  A Tzitzimitl (Tar:7)
  A tentacled monstrosity (Depths:4)
  A sphinx (Zig:8)
  A shadow dragon (Tar:7)
  An azure jelly (shapeshifter) (Zig:9)
  A fire giant (Depths:4)
  A reaper (Tar:7)
  A blizzard demon (Coc:7)
  An ice dragon (Depths:4)
  A tengu warrior (Depths:4)
  A storm dragon zombie (Zig:13)
  A titan zombie (Coc:3)
  An orc high priest (Orc:2)
  An oklob plant (Zig:19)
  A fire giant zombie (Zig:6)
  An orc sorcerer (Orc:2)
  A stone giant skeleton (Zig:6)
  A tormentor (Depths:4)
  4 slime creatures (D:10)
  A flying skull (Zig:13)
  2 shadows
  2 orc warriors (Orc:2)
  An ice beast (Coc:7)
  An orc priest (Orc:2)
  An orc wizard (Orc:2)
  2 mummies (Zig:13)
35 creatures vanquished.

Vanquished Creatures (others)
  A vampire knight (Crypt:3)
  A great orb of eyes (Depths:2)
  A tengu warrior (Depths:2)
  A soul eater (Depths:1)
  A deep elf knight (Elf:2)
  A deep elf pyromancer (Elf:2)
  A wizard (Vaults:3)
  3 deep elf zephyrmancers
  A slime creature (Vaults:3)
  A wraith (Dis:1)
  A shadow (Tar:4)
  A steam dragon (Volcano)
  An orc warrior (Orc:2)
  An orc priest (Vaults:3)
  A white imp (IceCv)
  An orc (Depths:3)
  A demonic plant (D:3)
  156 fire vortices
  25 fungi
  101 plants
  16 starspawn tentacles (Abyss:1)
  14 tentacles
  2 withered plants
333 creatures vanquished.

Grand Total: 4608 creatures vanquished

Notes
Turn   | Place    | Note
-------+----------+-------------------------------------------
     0 | D:1      | forever1922 the Gargoyle Earth Elementalist began the quest
                  | for the Orb.
     0 | D:1      | Reached XP level 1. HP: 10/10 MP: 3/3
   851 | D:1      | Reached skill level 4 in Earth Magic
   980 | D:1      | Reached XP level 2. HP: 15/15 MP: 3/5
  1496 | D:1      | Found a broken altar of Ashenzari.
  1745 | D:2      | Found Eskol's Book Boutique.
  1770 | D:2      | Reached XP level 3. HP: 15/19 MP: 1/6
  1821 | D:2      | Learned a level 3 spell: Stone Arrow
  1858 | D:2      | Found Bimi's Weapon Shoppe.
  1920 | D:2      | Found Kupladeyn's Book Shop.
  2037 | D:2      | Found Jasistre's Weapon Emporium.
  2136 | D:2      | Noticed Jessica
  2145 | D:2      | Killed Jessica
  2146 | D:2      | Reached skill level 5 in Earth Magic
  2146 | D:2      | Reached XP level 4. HP: 23/24 MP: 1/8
  2265 | D:2      | Found a runed translucent door.
  2266 | D:2      | Noticed Crazy Yiuf
  2641 | D:2      | Killed Crazy Yiuf
  2710 | D:3      | Reached XP level 5. HP: 28/28 MP: 4/9
  2786 | D:3      | Reached skill level 6 in Earth Magic
  2917 | D:3      | You fall into a shaft and drop 1 floor!
  2941 | D:4      | Reached skill level 7 in Earth Magic
  2941 | D:4      | Reached XP level 6. HP: 23/32 MP: 1/11
  3053 | D:3      | Found a hide-covered altar of Uskayaw.
  3265 | D:3      | Found a faded altar of an unknown god.
  3282 | D:4      | Found Jucweci's Book Shoppe.
  3305 | D:4      | Found a basalt altar of Yredelemnul.
  3370 | D:4      | Found Fycvedd's Distillery.
  3381 | D:4      | Reached XP level 7. HP: 29/37 MP: 8/13
  3422 | D:4      | Bought a potion of heal wounds for 70 gold pieces
  3422 | D:4      | Bought a potion of curing for 42 gold pieces
  3453 | D:4      | Reached skill level 1 in Fighting
  3453 | D:4      | Reached skill level 1 in Armour
  3453 | D:4      | Reached skill level 1 in Conjurations
  3599 | D:4      | Reached skill level 8 in Earth Magic
  3975 | D:5      | Entered Level 5 of the Dungeon
  4227 | D:5      | Reached XP level 8. HP: 44/44 MP: 7/14
  4299 | D:5      | Noticed Pikel
  4330 | D:5      | Killed Pikel
  4331 | D:5      | Reached skill level 9 in Earth Magic
  4772 | D:6      | Reached skill level 5 in Spellcasting
  4785 | D:6      | Found a staircase to the Ecumenical Temple.
  4830 | D:6      | Reached XP level 9. HP: 52/52 MP: 13/16
  4848 | Temple   | Entered the Ecumenical Temple
  4878 | Temple   | Became a worshipper of Vehumet
  4995 | D:6      | Found a sand-covered staircase.
  4998 | D:6      | Reached skill level 10 in Earth Magic
  5001 | Ossuary  | Entered an ossuary
  5220 | Ossuary  | Reached * piety under Vehumet
  5220 | Ossuary  | Offered knowledge of Magic Dart by Vehumet.
  5533 | D:6      | Noticed Menkaure
  5535 | D:6      | Killed Menkaure
  5780 | D:7      | Found Xaolul's Magic Scroll Emporium.
  6139 | D:7      | Noticed a cyclops
  6147 | D:7      | Reached skill level 5 in Fighting
  6154 | D:7      | Reached skill level 5 in Armour
  6156 | D:7      | Gained mutation: You are occasionally teleported next to
                  | monsters. [potion of mutation]
  6156 | D:7      | Gained mutation: You evolve. [potion of mutation]
  6156 | D:7      | Gained mutation: You have large cloven feet. [potion of
                  | mutation]
  6159 | D:7      | Killed a cyclops
  6160 | D:7      | Reached skill level 11 in Earth Magic
  6160 | D:7      | Reached XP level 10. HP: 56/59 MP: 3/19
  6169 | D:7      | Offered knowledge of Poisonous Vapours by Vehumet.
  6191 | D:7      | Reached ** piety under Vehumet
  6386 | D:7      | Killed an unseen horror
  6491 | D:7      | Reached skill level 12 in Earth Magic
  6531 | D:7      | Gained mutation: You possess an exceptional clarity of
                  | mind. [evolution]
  6955 | D:7      | Offered knowledge of Dazzling Flash by Vehumet.
  7326 | D:7      | Found a hazy altar of Hepliaklqana.
  7417 | D:8      | Reached *** piety under Vehumet
  7464 | D:8      | Reached skill level 13 in Earth Magic
  7803 | D:8      | Reached XP level 11. HP: 67/67 MP: 12/22
  8135 | D:8      | Gained mutation: You are partially covered in iridescent
                  | scales. (AC +2) [evolution]
  8275 | D:9      | Offered knowledge of Sticky Flame by Vehumet.
  8367 | D:9      | Reached skill level 1 in Shields
  8487 | D:9      | Reached **** piety under Vehumet
  9294 | D:10     | Entered Level 10 of the Dungeon
  9340 | D:10     | Found a shimmering blue altar of Sif Muna.
  9368 | D:10     | Noticed Erica
  9374 | D:10     | Killed Erica
  9492 | D:10     | Offered knowledge of Ignite Poison by Vehumet.
  9651 | D:10     | Found Jumm's Magic Scroll Boutique.
  9663 | D:10     | Bought a scroll of enchant armour for 75 gold pieces
  9663 | D:10     | Bought a scroll of enchant weapon for 75 gold pieces
  9783 | D:10     | Reached skill level 14 in Earth Magic
  9868 | D:10     | Noticed a two-headed ogre
  9870 | D:10     | Noticed a two-headed ogre
  9874 | D:10     | Killed a two-headed ogre
  9879 | D:10     | Killed a two-headed ogre
  9900 | D:10     | Found a glowing golden altar of the Shining One.
  9971 | D:10     | Found a blossoming altar of Fedhas.
  9976 | D:10     | Found a bloodstained altar of Trog.
 10013 | D:10     | Noticed Maggie
 10021 | D:10     | Killed Maggie
 10243 | D:10     | Found an opulent altar of Gozag.
 10326 | D:11     | Found Roith's Armour Shoppe.
 10345 | D:11     | Found a staircase to the Orcish Mines.
 10347 | D:11     | Found Foafiete's Weapon Shoppe.
 10602 | D:11     | Reached XP level 12. HP: 71/75 MP: 16/24
 10898 | D:11     | Noticed a two-headed ogre
 10903 | D:11     | Killed a two-headed ogre
 11254 | D:11     | Found a staircase to the Lair.
 11568 | D:2      | Bought a book of Unlife for 468 gold pieces
 11574 | D:2      | Learned a level 5 spell: Borgnjor's Vile Clutch
 11782 | D:9      | Gained mutation: You passively dampen the noise of your
                  | surroundings. [evolution]
 11920 | D:12     | Reached ***** piety under Vehumet
 11948 | D:12     | Offered knowledge of Airstrike by Vehumet.
 11976 | D:12     | Reached skill level 1 in Necromancy
 12060 | D:12     | Noticed Erolcha
 12062 | D:12     | Cast into level 1 of the Abyss (Erolcha)
 12078 | Abyss:1  | Found a corrupted altar of Lugonu.
 12179 | Abyss:1  | Noticed a tentacled starspawn
 12211 | Abyss:1  | Noticed a tentacled starspawn
 12229 | Abyss:1  | Killed a tentacled starspawn
 12230 | Abyss:1  | Reached skill level 15 in Earth Magic
 12237 | Abyss:1  | Found a corrupted altar of Lugonu.
 12287 | Abyss:2  | Identified 2 scrolls of acquirement
 12287 | Abyss:2  | Acquired a +2 pair of boots of flying
 12294 | Abyss:2  | Acquired 620 gold pieces
 12333 | Abyss:2  | Noticed a starcursed mass
 12344 | Abyss:2  | Noticed a starcursed mass
 12359 | Abyss:2  | Paralysed by accursed screaming for 1 turns
 12365 | Abyss:2  | Paralysed by accursed screaming for 2 turns
 12528 | Abyss:2  | Noticed a starcursed mass
 12534 | Abyss:2  | Noticed a starcursed mass
 12535 | Abyss:2  | Paralysed by accursed screaming for 1 turns
 12543 | Abyss:2  | Paralysed by accursed screaming for 2 turns
 12676 | Abyss:2  | Noticed a thrashing horror
 12684 | Abyss:2  | Killed a thrashing horror
 12687 | D:12     | Escaped the Abyss
 12696 | D:12     | Killed Erolcha
 12697 | D:12     | Reached XP level 13. HP: 80/80 MP: 1/26
 14269 | D:14     | Reached skill level 10 in Fighting
 14277 | D:14     | Reached skill level 16 in Earth Magic
 14369 | D:14     | Offered knowledge of Ozocubu's Refrigeration by Vehumet.
 14406 | D:14     | Reached skill level 5 in Dodging
 14406 | D:14     | Reached skill level 10 in Spellcasting
 14446 | D:14     | Noticed a vault guard
 14461 | D:14     | Killed a vault guard
 14469 | D:14     | Found a gate to the Vaults.
 14499 | D:14     | Found a gate leading to a gauntlet.
 14508 | Gauntlet | Entered a Gauntlet
 14508 | Gauntlet | Found a transporter.
 14508 | Gauntlet | Found a runed translucent door.
 14508 | Gauntlet | Found a transporter.
 14605 | Gauntlet | Found a transporter.
 14606 | Gauntlet | Found a runed translucent door.
 14607 | Gauntlet | Found a runed translucent door.
 14609 | Gauntlet | Found a transporter.
 14609 | Gauntlet | Found a transporter.
 14612 | Gauntlet | Found a transporter.
 14629 | Gauntlet | Found a transporter.
 14631 | Gauntlet | Found a runed translucent door.
 14664 | Gauntlet | Identified the amulet "Joesov" {RegenMP rElec Stlth+}
 14697 | Gauntlet | Found a transporter.
 14697 | Gauntlet | Found a transporter.
 14713 | Gauntlet | Gained mutation: Your large and strong wings let you fly.
                  | [Gargoyle growth]
 14713 | Gauntlet | Reached XP level 14. HP: 82/88 MP: 25/28
 14776 | Gauntlet | Found a transporter.
 14817 | Gauntlet | Found a transporter.
 14817 | Gauntlet | Found a transporter.
 14820 | Gauntlet | Found a runed translucent door.
 14821 | Gauntlet | Found a transporter.
 14843 | Gauntlet | Found a transporter.
 14846 | Gauntlet | Identified the ring of the Camelopard {Will+ Int+3 SInv}
 14848 | Gauntlet | Identified the +1 pair of boots "Fuogagoe" {rPois rF+ rCorr
                  | Slay-3}
 14994 | Gauntlet | Reached skill level 10 in Armour
 15377 | D:14     | Noticed Louise
 15391 | D:14     | Killed Louise
 15403 | D:14     | Gained mutation: You rapidly evolve. [evolution]
 15676 | D:14     | Identified the +1 ring mail "Kotasoir" {Str+3}
 16477 | D:13     | Reached skill level 17 in Earth Magic
 16617 | D:13     | Gained mutation: You have a pair of small horns on your
                  | head. [evolution]
 16797 | D:13     | Offered knowledge of Lee's Rapid Deconstruction by Vehumet.
 17132 | D:13     | Learned a level 5 spell: Lee's Rapid Deconstruction
 17223 | D:13     | Reached skill level 1 in Long Blades
 17947 | D:2      | Bought the +7 long sword of Embarrassment {freeze, rPois
                  | rF++} for 770 gold pieces
 18143 | Lair:1   | Entered Level 1 of the Lair of Beasts
 18342 | Lair:1   | Noticed Sonja
 18346 | Lair:1   | Killed Sonja
 18488 | Lair:1   | Reached skill level 5 in Shields
 18596 | Lair:1   | Reached XP level 15. HP: 94/94 MP: 30/30
 19385 | Lair:2   | Found a frozen archway.
 19402 | IceCv    | Entered an ice cave
 19983 | IceCv    | Offered knowledge of Orb of Destruction by Vehumet.
 20388 | IceCv    | Found the +4 skin of Zhor {*Englaciate rC+++ SInv}
 20710 | Lair:2   | Gained mutation: Your spells are a little harder to cast,
                  | but a little more powerful. [evolution]
 21504 | Lair:3   | Found a dark tunnel.
 21512 | Volcano  | Entered a volcano
 23277 | Lair:4   | Offered knowledge of Fireball by Vehumet.
 23401 | Lair:4   | Found a staircase to the Snake Pit.
 23723 | Lair:4   | Reached skill level 18 in Earth Magic
 23938 | Lair:4   | Found a staircase to the Shoals.
 24283 | Lair:4   | Gained mutation: Your spells are harder to cast, but more
                  | powerful. [evolution]
 25282 | Lair:5   | Found a broken altar of Ashenzari.
 25492 | Lair:6   | Entered Level 6 of the Lair of Beasts
 25508 | Lair:6   | Reached XP level 16. HP: 99/100 MP: 32/32
 25713 | Lair:6   | Found a staircase to the Slime Pits.
 25880 | Lair:6   | Offered knowledge of Starburst by Vehumet.
 26298 | Lair:6   | Found a burning altar of Makhleb.
 26327 | Lair:6   | Found a gateway to Hell.
 26334 | Lair:6   | Identified the +7 scimitar of Bile {vamp, Will- Int+6}
 26734 | Lair:6   | Gained mutation: You have sharp fingernails. [evolution]
 27114 | Lair:6   | Lost mutation: You are partially covered in iridescent
                  | scales. (AC +2) [potion of mutation]
 27114 | Lair:6   | Lost mutation: Your spells are harder to cast, but more
                  | powerful. [potion of mutation]
 27114 | Lair:6   | Lost mutation: You have a pair of small horns on your head.
                  | [potion of mutation]
 27114 | Lair:6   | Gained mutation: You are partially covered in iridescent
                  | scales. (AC +2) [potion of mutation]
 27115 | Lair:6   | Lost mutation: You possess an exceptional clarity of mind.
                  | [potion of mutation]
 27115 | Lair:6   | Lost mutation: You passively dampen the noise of your
                  | surroundings. [potion of mutation]
 27115 | Lair:6   | Lost mutation: Your spells are a little harder to cast, but
                  | a little more powerful. [potion of mutation]
 27115 | Lair:6   | Gained mutation: You sometimes lose the ability to read
                  | scrolls when taking damage. [potion of mutation]
 27115 | Lair:6   | Gained mutation: Your flesh is heat resistant. (rF+)
                  | [potion of mutation]
 27116 | Lair:6   | Lost mutation: Your flesh is heat resistant. (rF+) [potion
                  | of mutation]
 27116 | Lair:6   | Lost mutation: You sometimes lose the ability to read
                  | scrolls when taking damage. [potion of mutation]
 27116 | Lair:6   | Gained mutation: Your body sometimes deteriorates upon
                  | taking damage. [potion of mutation]
 27116 | Lair:6   | Gained mutation: You are dopey. (Int -2) [potion of
                  | mutation]
 27116 | Lair:6   | Gained mutation: You possess an exceptional clarity of
                  | mind. [potion of mutation]
 27117 | Lair:6   | Lost mutation: You are partially covered in iridescent
                  | scales. (AC +2) [potion of mutation]
 27117 | Lair:6   | Lost mutation: Your body sometimes deteriorates upon taking
                  | damage. [potion of mutation]
 27117 | Lair:6   | Gained mutation: Your flesh is cold resistant. (rC+)
                  | [potion of mutation]
 27117 | Lair:6   | Gained mutation: You have a pair of small horns on your
                  | head. [potion of mutation]
 27117 | Lair:6   | Gained mutation: You are partially covered in iridescent
                  | scales. (AC +2) [potion of mutation]
 27269 | Orc:1    | Entered Level 1 of the Orcish Mines
 27287 | Orc:1    | Found Seackaoc's Assorted Antiques.
 27557 | Orc:1    | Offered knowledge of Lehudib's Crystal Spear by Vehumet.
 27696 | Orc:1    | Learned a level 8 spell: Lehudib's Crystal Spear
 27871 | Orc:2    | Entered Level 2 of the Orcish Mines
 28051 | Orc:2    | Found a staircase to the Elven Halls.
 28074 | Orc:2    | Found Xeish's Distillery.
 28080 | Orc:2    | Found Gostrouw's Antique Armour Boutique.
 28343 | Orc:2    | Reached skill level 5 in Long Blades
 28353 | Orc:2    | Found Vorea's Antique Weapon Emporium.
 28354 | Orc:2    | Found Deegino's Jewellery Boutique.
 28364 | Orc:2    | Bought a steaming ring mail for 243 gold pieces
 28364 | Orc:2    | Identified the +0 ring mail "Zahiatuy" {rCorr Str+4 Dex+4}
                  | (You bought it in a shop on level 2 of the Orcish Mines)
 28364 | Orc:2    | Bought a transparent scale mail for 243 gold pieces
 28364 | Orc:2    | Identified the +2 scale mail of Ycsiwnir {rF+} (You bought
                  | it in a shop on level 2 of the Orcish Mines)
 28428 | Orc:2    | Bought the amulet "Zoruapso" {RegenMP rPois Will++ Int+5}
                  | for 721 gold pieces
 28718 | Elf:1    | Entered Level 1 of the Elven Halls
 28947 | Elf:1    | Reached skill level 19 in Earth Magic
 28958 | Elf:1    | Reached XP level 17. HP: 97/107 MP: 34/34
 29107 | Elf:1    | Reached ****** piety under Vehumet
 29138 | Elf:1    | Learned a level 2 spell: Blink
 29486 | Elf:1    | Noticed Donald
 29494 | Elf:1    | Killed Donald
 29989 | Elf:1    | Reached skill level 5 in Conjurations
 30025 | Elf:1    | Identified the ring of Kif Erel {rN+ Int+4 Dex+5}
 30046 | Elf:1    | Identified the +2 ring mail "Hezxol" {Dex+2}
 30638 | Elf:2    | Found Ozuihas's Antique Armour Emporium.
 30924 | Elf:2    | Found a runed translucent gate.
 30925 | Elf:2    | Found a runed translucent gate.
 30929 | Elf:2    | Found a runed translucent gate.
 30930 | Elf:2    | Identified the +6 scimitar of the Key {protect, *Slow Int-3
                  | Dex+4}
 30971 | Elf:2    | Bought a pair of blackened boots for 294 gold pieces
 30971 | Elf:2    | Identified the +0 pair of boots of Action {*Corrode +Inv
                  | rF+ rC++} (You bought it in a shop on level 2 of the Elven
                  | Halls)
 31576 | Orc:1    | Bought a potion of heal wounds for 110 gold pieces
 31627 | Orc:2    | Bought 2 potions of heal wounds for 140 gold pieces
 31627 | Orc:2    | Bought a potion of curing for 42 gold pieces
 31627 | Orc:2    | Bought a potion of curing for 42 gold pieces
 31844 | D:15     | Entered Level 15 of the Dungeon
 32144 | D:15     | Gained mutation: Your muscles are strong. (Str +2)
                  | [evolution]
 32159 | D:15     | Identified the +4 dire flail "Gykasm" {venom, rF++ Int-3
                  | Dex+4 SInv}
 32228 | D:15     | Offered knowledge of Fire Storm by Vehumet.
 32228 | D:15     | Offered knowledge of Shatter by Vehumet.
 32228 | D:15     | Offered knowledge of Polar Vortex by Vehumet.
 32418 | D:15     | Found a glowing silver altar of Zin.
 32705 | D:15     | Found a staircase to the Depths.
 33013 | D:15     | Reached XP level 18. HP: 113/113 MP: 22/35
 33134 | D:15     | Learned a level 9 spell: Shatter
 33410 | Shoals:1 | Entered Level 1 of the Shoals
 33628 | Shoals:1 | You are sucked into a shaft and drop 1 floor!
 35458 | Shoals:3 | Reached skill level 20 in Earth Magic
 35578 | Shoals:3 | Lost mutation: You are dopey. (Int -2) [evolution]
 35578 | Shoals:3 | Lost mutation: You rapidly evolve. [decline of evolution]
 35718 | Shoals:3 | Identified the +1 ring mail of the Lost Path {rElec Str-2
                  | Dex+3}
 36844 | Shoals:4 | Entered Level 4 of the Shoals
 36844 | Shoals:4 | Noticed Roxanne
 36847 | Shoals:4 | Killed Roxanne
 36870 | Shoals:4 | Learned a level 5 spell: Bolt of Magma
 37065 | Shoals:4 | Reached XP level 19. HP: 97/119 MP: 7/37
 37187 | Shoals:4 | Got a barnacled rune of Zot
 37520 | Shoals:4 | Learned a level 6 spell: Iron Shot
 38378 | Shoals:4 | Reached skill level 10 in Shields
 38809 | Depths:1 | Entered Level 1 of the Depths
 39172 | Depths:1 | Found a blossoming altar of Fedhas.
 39198 | Depths:1 | Found Patait's General Store.
 39596 | Depths:1 | Found a one-way gate to the infinite horrors of the Abyss.
 39676 | Depths:1 | Identified the +9 demon trident "Xoerir" {venom, rC+ Str+3}
 39727 | Depths:1 | Reached skill level 10 in Conjurations
 39801 | Depths:1 | Reached XP level 20. HP: 112/126 MP: 11/38
 40569 | Depths:2 | Found a flickering gateway to a bazaar.
 40577 | Depths:2 | Reached skill level 15 in Spellcasting
 40578 | Depths:2 | Reached skill level 21 in Earth Magic
 40587 | Bazaar   | Entered a bazaar
 40587 | Bazaar   | Found Kosits's Weapon Emporium.
 40587 | Bazaar   | Found Heoh Vea's Assorted Antiques.
 40587 | Bazaar   | Found Livaz's Book Shoppe.
 40587 | Bazaar   | Found Edelello's Assorted Antiques.
 40620 | Bazaar   | Found Laaqobol's Antique Armour Shoppe.
 40657 | Bazaar   | Bought a potion of mutation for 176 gold pieces
 40676 | Bazaar   | Bought a scroll of blinking for 157 gold pieces
 40943 | Depths:2 | Found a hazy altar of Hepliaklqana.
 41075 | Depths:2 | Reached skill level 1 in Translocations
 42322 | Depths:2 | Lost mutation: You are occasionally teleported next to
                  | monsters. [evolution]
 42462 | Vaults:1 | Entered Level 1 of the Vaults
 43273 | Vaults:1 | Found Werel's Antique Armour Shoppe.
 43350 | Vaults:1 | Reached skill level 15 in Fighting
 43501 | Vaults:1 | Acquired the ring "Subbasyuh" {Wiz rC+++ Dex-5 SInv Stlth-}
 43611 | Vaults:2 | Reached skill level 1 in Evocations
 43611 | Vaults:2 | Reached XP level 21. HP: 134/134 MP: 33/40
 43611 | Vaults:2 | Noticed Sojobo
 43613 | Vaults:2 | Paralysed by an air elemental for 1 turns
 43617 | Vaults:2 | Paralysed by an air elemental for 1 turns
 43621 | Vaults:2 | Killed Sojobo
 43871 | Vaults:2 | Found an ancient bone altar of Kikubaaqudgha.
 43873 | Vaults:2 | Found a staircase to the Crypt.
 44264 | Vaults:2 | You are sucked into a shaft and drop 2 floors!
 44317 | Vaults:4 | Noticed Boris
 44327 | Vaults:4 | Killed Boris
 44332 | Vaults:4 | Noticed Jory
 44346 | Vaults:4 | Killed Jory
 45427 | Vaults:4 | Identified the +2 cloak of Doall {rC+}
 46009 | Vaults:3 | Identified the +2 ring mail "Cekadisk" {rC- Regen+ Int-5
                  | Dex+6}
 46079 | Vaults:3 | Reached XP level 22. HP: 144/144 MP: 34/42
 46125 | Vaults:3 | Reached skill level 22 in Earth Magic
 46845 | Vaults:3 | Noticed Nikola
 46851 | Vaults:3 | Killed Nikola
 47446 | Vaults:3 | Lost mutation: You are partially covered in iridescent
                  | scales. (AC +2) [evolution]
 47922 | Vaults:2 | Found a basalt altar of Yredelemnul.
 47948 | Vaults:2 | Reached skill level 1 in Staves
 48964 | Vaults:5 | Entered Level 5 of the Vaults
 48966 | Vaults:5 | Reached skill level 10 in Dodging
 48967 | Vaults:5 | Reached XP level 23. HP: 152/152 MP: 43/43
 48975 | Vaults:5 | Reached skill level 5 in Evocations
 49068 | Vaults:5 | Noticed an ancient lich
 49070 | Vaults:5 | Killed an ancient lich
 49070 | Vaults:5 | Noticed a dread lich
 49071 | Vaults:5 | Killed a dread lich
 49072 | Vaults:5 | Reached skill level 15 in Armour
 49072 | Vaults:5 | Noticed an ancient lich
 49076 | Vaults:5 | Killed an ancient lich
 49077 | Vaults:5 | Noticed a golden dragon
 49083 | Vaults:5 | Killed a golden dragon
 49354 | Vaults:5 | Reached XP level 24. HP: 147/160 MP: 44/44
 49355 | Vaults:5 | Reached skill level 23 in Earth Magic
 49653 | Vaults:5 | Found the +7 lajatang of Order {silver, rMut}
 49674 | Vaults:5 | Noticed a dread lich
 49676 | Vaults:5 | Killed a dread lich
 49755 | Vaults:5 | Identified the ring "Qeax" {Fly rC+ Int-5 Dex+8}
 50112 | Vaults:5 | Got a silver rune of Zot
 50260 | Vaults:5 | Identified the +4 battleaxe "Tetzy" {flame, rF+ MP+9 Dex+3}
 50263 | Vaults:5 | Identified the +2 leather armour of Desial {Harm Fly Regen+
                  | Dex-5}
 50389 | Vaults:5 | Got Nusaff's Almanac of Poisoning and the Snowflakes
 50479 | Vaults:5 | Identified the +7 falchion "Cotoiwna" {freeze, rF+}
 50596 | Vaults:5 | Got the Incunabulum of Earth and Toxins
 50837 | Vaults:5 | Identified the +5 dagger "Pesaqixt" {vorpal, rC- Str+4}
 51188 | Elf:2    | Reached skill level 5 in Staves
 51469 | Elf:2    | Reached skill level 15 in Conjurations
 52135 | Elf:3    | Entered Level 3 of the Elven Halls
 52498 | Elf:3    | Found Vodutuq's Book Shoppe.
 52811 | Elf:3    | Reached skill level 1 in Fire Magic
 52830 | Elf:3    | Found the +11 plutonium sword {Contam Stlth-}
 52832 | Elf:3    | Reached XP level 25. HP: 127/168 MP: 29/44
 52851 | Elf:3    | Got the Incunabulum of Supportive Dislocation
 52858 | Elf:3    | Got Sif Muna's Collected Works on the Snowflakes and
                  | Confrontation
 52859 | Elf:3    | Identified the +4 ring mail of Lethargy {*Slow rPois Str+2
                  | Dex+6}
 52875 | Elf:3    | Got the Compendium of the Toxic Volcanoes
 53072 | Elf:3    | Acquired 831 gold pieces
 53135 | Elf:3    | Identified the +9 plate armour of Widuaf {Str+7}
 53137 | Elf:3    | Identified the ring "Cinebbiush" {rElec rC+++ rCorr Str+6
                  | Dex-5}
 53177 | Elf:3    | Identified the ring of Yduedov {Fly MP+9 Dex+3}
 53184 | Elf:3    | Got the Handbook of the Ashen Volcanoes
 53185 | Elf:3    | Identified the +1 leather armour "Reakhlifo" {rElec}
 53223 | Elf:3    | Identified the +1 ring mail "Wefahecs" {Will+ MP-9 Int+2}
 53675 | Snake:1  | Entered Level 1 of the Snake Pit
 53676 | Snake:1  | Found the +3 salamander hide armour {Flames rF++ rC--}
 55085 | Snake:2  | Noticed Asterion
 55088 | Snake:2  | Killed Asterion
 55205 | Snake:2  | You are sucked into a shaft and drop 1 floor!
 55267 | Snake:3  | Found an ancient bone altar of Kikubaaqudgha.
 57031 | Snake:3  | Found Cyud's Self-Improvement Boutique.
 57040 | Snake:3  | Bought a manual of Armour for 960 gold pieces
 57040 | Snake:3  | Bought a manual of Dodging for 960 gold pieces
 57441 | Snake:4  | Entered Level 4 of the Snake Pit
 57495 | Snake:4  | Found Lihagg's Overcharged Wands.
 57569 | Snake:4  | Reached skill level 24 in Earth Magic
 57575 | Snake:4  | Found Ysmitynk's Antique Armour Shop.
 57601 | Snake:4  | Reached XP level 26. HP: 168/175 MP: 26/45
 57880 | Snake:4  | Got a serpentine rune of Zot
 57980 | Snake:4  | Found Zimafiqy's Weapon Shoppe.
 58181 | Snake:4  | Found Hamiygen's Assorted Antiques.
 58188 | Snake:4  | Bought a scroll of enchant armour for 270 gold pieces
 58188 | Snake:4  | Bought the macabre finger necklace {rN+} for 1440 gold
                  | pieces
 58188 | Snake:4  | Found the macabre finger necklace {rN+}
 58201 | Snake:4  | Found Raurch's Antique Weapon Shop.
 58244 | Snake:4  | Found Siminwiwn's Armour Shoppe.
 58307 | Snake:4  | Found Egiraum's Antique Armour Shoppe.
 58307 | Snake:4  | Found Asatzyimpa's Antique Weapon Shoppe.
 58311 | Snake:4  | Found Qeuhipoc's Magic Scroll Shoppe.
 58318 | Snake:4  | Found Cicsahia's Assorted Antiques.
 58324 | Snake:4  | Bought a scroll of acquirement for 624 gold pieces
 58324 | Snake:4  | Bought a scroll of enchant armour for 90 gold pieces
 58368 | Snake:4  | Acquired 459 gold pieces
 58832 | Depths:3 | Found a one-way gate leading to the halls of Pandemonium.
 58833 | Depths:3 | Noticed Aizul
 58836 | Depths:3 | Killed Aizul
 59280 | Depths:3 | Noticed Saint Roka
 59290 | Depths:3 | Killed Saint Roka
 59790 | Depths:3 | Reached skill level 5 in Fire Magic
 60441 | Depths:4 | Noticed a juggernaut
 60460 | Depths:4 | Killed a juggernaut
 60676 | Depths:4 | Noticed a juggernaut
 60679 | Depths:4 | Killed a juggernaut
 60712 | Depths:4 | Reached XP level 27. HP: 171/182 MP: 17/45
 60921 | Depths:4 | Found a gateway to a ziggurat.
 60925 | Depths:4 | Gained mutation: You are agile. (Dex +2) [evolution]
 61219 | Depths:4 | Found an ancient bone altar of Kikubaaqudgha.
 61760 | Depths:5 | Entered Level 5 of the Depths
 61766 | Depths:5 | Noticed Boris
 61769 | Depths:5 | Killed Boris
 62117 | Depths:5 | Found Luduamnui's Antique Weapon Boutique.
 62123 | Depths:5 | Found Cinger's Antique Weapon Boutique.
 62179 | Depths:5 | Reached skill level 25 in Earth Magic
 62316 | Depths:5 | Found a gate to the Realm of Zot.
 63108 | Crypt:1  | Entered Level 1 of the Crypt
 64302 | Crypt:2  | Identified the +0 buckler of Beyond {Rampage Will+}
 64777 | Crypt:3  | Entered Level 3 of the Crypt
 65285 | Crypt:3  | Reached skill level 15 in Shields
 65336 | Crypt:3  | Reached skill level 5 in Translocations
 65364 | Crypt:3  | Identified the +1 robe "Giucigu" {rElec Int+2}
 65373 | Crypt:3  | Found an ancient bone altar of Kikubaaqudgha.
 65807 | Crypt:3  | Found a staircase to the Tomb.
 65986 | Crypt:3  | Got Cuoxt's Disquisition on Scorching Air
 66007 | Crypt:3  | Learned a level 9 spell: Fire Storm
 66066 | Tomb:1   | Entered Level 1 of the Tomb of the Ancients
 66504 | Tomb:1   | Noticed a royal mummy
 66521 | Tomb:1   | Killed a royal mummy
 66543 | Tomb:1   | Noticed a royal mummy
 66550 | Tomb:1   | Noticed a royal mummy
 66551 | Tomb:1   | Noticed a royal mummy
 66551 | Tomb:1   | Noticed a royal mummy
 66551 | Tomb:1   | Noticed a royal mummy
 66552 | Tomb:1   | Noticed a royal mummy
 66552 | Tomb:1   | Noticed a royal mummy
 66552 | Tomb:1   | Noticed a royal mummy
 66568 | Tomb:1   | Killed a royal mummy
 66568 | Tomb:1   | Noticed a royal mummy
 66606 | Tomb:1   | Killed a royal mummy
 66650 | Tomb:1   | Killed a royal mummy
 67010 | Tomb:1   | Killed a royal mummy
 67422 | Tomb:1   | Killed a royal mummy
 67423 | Tomb:1   | Reached skill level 10 in Staves
 67423 | Tomb:1   | Killed a royal mummy
 67423 | Tomb:1   | Killed a royal mummy
 67424 | Tomb:1   | Killed a royal mummy
 67674 | Tomb:1   | Noticed a royal mummy
 67683 | Tomb:1   | Killed a royal mummy
 67943 | Tomb:1   | Noticed a royal mummy
 67948 | Tomb:1   | Killed a royal mummy
 67960 | Tomb:1   | Noticed a royal mummy
 67961 | Tomb:1   | Noticed a royal mummy
 67966 | Tomb:1   | Killed a royal mummy
 67967 | Tomb:1   | Reached skill level 26 in Earth Magic
 67967 | Tomb:1   | Killed a royal mummy
 68366 | Tomb:1   | Noticed a royal mummy
 68370 | Tomb:1   | Noticed a royal mummy
 68371 | Tomb:1   | Killed a royal mummy
 68373 | Tomb:1   | Noticed a royal mummy
 68376 | Tomb:1   | Noticed a royal mummy
 68377 | Tomb:1   | Killed a royal mummy
 68378 | Tomb:1   | Killed a royal mummy
 68378 | Tomb:1   | Killed a royal mummy
 68379 | Tomb:1   | Noticed a royal mummy
 68407 | Tomb:1   | Killed a royal mummy
 68840 | Tomb:1   | Killed a royal mummy
 68917 | Tomb:1   | Noticed a royal mummy
 68925 | Tomb:1   | Killed a royal mummy
 69049 | Tomb:1   | Noticed a royal mummy
 69055 | Tomb:1   | Killed a royal mummy
 69207 | Tomb:1   | Noticed a royal mummy
 69214 | Tomb:1   | Killed a royal mummy
 69442 | Tomb:1   | Noticed a royal mummy
 69448 | Tomb:1   | Killed a royal mummy
 69448 | Tomb:1   | Noticed a royal mummy
 69452 | Tomb:1   | Killed a royal mummy
 69660 | Tomb:1   | Identified the amulet "Woiniunt" {Fragile rC+ Regen+ Str+3
                  | Dex+7}
 69663 | Tomb:1   | Noticed a royal mummy
 69669 | Tomb:1   | Killed a royal mummy
 70271 | Slime:1  | Entered Level 1 of the Pits of Slime
 70919 | Slime:2  | Gained mutation: You expend magic power (3 MP) to
                  | strengthen your wands. [a shining eye]
 70981 | Slime:2  | Noticed Dissolution
 70982 | Slime:2  | Lost mutation: You possess an exceptional clarity of mind.
                  | [a shining eye]
 70987 | Slime:2  | Killed Dissolution
 71084 | Slime:2  | Gained mutation: Armour fits poorly on your strangely
                  | shaped body. [a shining eye]
 71087 | Slime:2  | Lost mutation: You expend magic power (3 MP) to strengthen
                  | your wands. [potion of mutation]
 71087 | Slime:2  | Lost mutation: You have a pair of small horns on your head.
                  | [potion of mutation]
 71087 | Slime:2  | Lost mutation: You evolve. [potion of mutation]
 71088 | Slime:2  | Lost mutation: Armour fits poorly on your strangely shaped
                  | body. [potion of mutation]
 71088 | Slime:2  | Lost mutation: Your muscles are strong. (Str +2) [potion of
                  | mutation]
 71088 | Slime:2  | Lost mutation: You have large cloven feet. [potion of
                  | mutation]
 71088 | Slime:2  | Gained mutation: You tend to lose your temper in combat.
                  | [potion of mutation]
 71088 | Slime:2  | Gained mutation: You evolve. [potion of mutation]
 71088 | Slime:2  | Gained mutation: You have a pair of small horns on your
                  | head. [potion of mutation]
 71089 | Slime:2  | Lost mutation: Your flesh is cold resistant. (rC+) [potion
                  | of mutation]
 71089 | Slime:2  | Lost mutation: You have a pair of small horns on your head.
                  | [potion of mutation]
 71090 | Slime:2  | Lost mutation: You have sharp fingernails. [potion of
                  | mutation]
 71090 | Slime:2  | Gained mutation: You are dopey. (Int -2) [potion of
                  | mutation]
 71090 | Slime:2  | Gained mutation: Your magical capacity is low. (-10% MP)
                  | [potion of mutation]
 71090 | Slime:2  | Lost mutation: You tend to lose your temper in combat.
                  | [potion of mutation]
 71090 | Slime:2  | Gained mutation: You have sharp toenails. [potion of
                  | mutation]
 71996 | Slime:4  | Reached skill level 10 in Evocations
 72282 | Slime:5  | Entered Level 5 of the Pits of Slime
 72638 | Slime:5  | Noticed the Royal Jelly
 72736 | Slime:5  | Killed the Royal Jelly
 72984 | Slime:5  | Gained mutation: You are frail. (-10% HP) [a shining eye]
 73023 | Slime:5  | Got the Compendium of Congealing Necromancy
 73043 | Slime:5  | Identified the +2 war axe of the Glowing Owl {vorpal, rElec
                  | rPois Str+3 Dex-5}
 73086 | Slime:5  | Identified the amulet of Ewkutecw {Faith rN++ Dex+3}
 73096 | Slime:5  | Got a slimy rune of Zot
 73460 | Slime:5  | Lost mutation: You are frail. (-10% HP) [evolution]
 73479 | Slime:5  | Identified the +0 pair of gloves "Hutwiac" {MP+9 Dex+2}
 73523 | Slime:5  | Identified the +0 war axe "Iqeehen" {drain, rElec rN+
                  | Dex-2}
 73525 | Slime:5  | Identified the +5 war axe of the Shark {venom, rPois}
 73533 | Slime:5  | Identified the +2 leather armour "Wuuteme" {+Blink rElec
                  | Int+5 Slay-4}
 73535 | Slime:5  | Identified the +6 broad axe "Rugim" {flame, +Rage rC+
                  | Dex-2}
 74112 | Zot:1    | Entered Level 1 of the Realm of Zot
 74238 | Zot:1    | Reached skill level 10 in Fire Magic
 75080 | Zot:2    | Found a transporter.
 75246 | Zot:2    | You are sucked into a shaft and drop 1 floor!
 75319 | Zot:3    | Reached skill level 10 in Translocations
 75829 | Hell     | Entered the Vestibule of Hell
 75829 | Hell     | Noticed Geryon
 75834 | Hell     | Killed Geryon
 76037 | Hell     | Found a gateway to the decaying netherworld of Tartarus.
 76078 | Hell     | Learned a level 9 spell: Polar Vortex
 76612 | Hell     | Found a gateway to the Iron City of Dis.
 76836 | Hell     | Found a gateway to the freezing wastes of Cocytus.
 77001 | Hell     | Found a gateway to the ashen valley of Gehenna.
 77046 | Dis:1    | Entered Level 1 of the Iron City of Dis
 77674 | Dis:4    | Reached skill level 27 in Earth Magic
 78795 | Dis:7    | Entered Level 7 of the Iron City of Dis
 78810 | Dis:7    | Reached skill level 15 in Fire Magic
 79781 | Dis:7    | Found the +4 staff of Dispater
 79781 | Dis:7    | Noticed Dispater
 79798 | Dis:7    | Killed Dispater
 79985 | Dis:7    | Identified the +5 war axe "Zueshran" {venom, Dex+4}
 79989 | Dis:7    | Got an iron rune of Zot
 80470 | Tar:1    | Entered Level 1 of Tartarus
 81279 | Tar:4    | Reached skill level 1 in Ice Magic
 81519 | Tar:6    | Reached skill level 5 in Ice Magic
 81563 | Tar:7    | Entered Level 7 of Tartarus
 82821 | Tar:7    | Reached skill level 15 in Dodging
 82907 | Tar:7    | Noticed an ancient lich
 82909 | Tar:7    | Noticed a dread lich
 82910 | Tar:7    | Killed an ancient lich
 82913 | Tar:7    | Killed a dread lich
 82945 | Tar:7    | Identified the ring "Waumaqax" {rF+ rCorr MP+9}
 83452 | Tar:7    | Noticed Ereshkigal
 83458 | Tar:7    | Reached skill level 10 in Ice Magic
 83458 | Tar:7    | Killed Ereshkigal
 83492 | Tar:7    | Got a bone rune of Zot
 83628 | Coc:1    | Entered Level 1 of Cocytus
 84505 | Coc:7    | Entered Level 7 of Cocytus
 84511 | Coc:7    | Noticed the Serpent of Hell
 84531 | Coc:7    | HP: 9/192 [the Serpent of Hell/flash freeze (8)]
 84532 | Coc:7    | Killed the Serpent of Hell
 84708 | Hell     | Gained mutation: You are very agile. (Dex +4) [evolution]
 85119 | Coc:7    | Noticed Antaeus
 85191 | Coc:7    | Killed Antaeus
 85193 | Coc:7    | Identified the +4 morningstar of Ekiqol {vorpal, Str+2
                  | SInv}
 85247 | Coc:7    | Got an icy rune of Zot
 85285 | Coc:7    | Identified the +9 whip of the Land of Plenty {freeze, Drain
                  | Str+9 Int-4 Stlth+}
 85636 | Zig:1    | Entered Level 1 of a ziggurat
 85649 | Zig:2    | Entered Level 2 of a ziggurat
 85663 | Zig:3    | Entered Level 3 of a ziggurat
 85678 | Zig:4    | Entered Level 4 of a ziggurat
 85681 | Zig:4    | Noticed Xihez the pandemonium lord
 85684 | Zig:4    | Killed Xihez the pandemonium lord
 85705 | Zig:5    | Entered Level 5 of a ziggurat
 85732 | Zig:6    | Entered Level 6 of a ziggurat
 85738 | Zig:6    | Found the +13 scythe of Curses {drain, Drain}
 85741 | Zig:6    | Found the ring of Shadows {Umbra +Inv Stlth+}
 85749 | Zig:6    | Identified the amulet "Nohamp" {Acrobat Stlth+}
 85757 | Zig:6    | Identified the +10 executioner's axe of Hodom {venom, +Rage
                  | Dex+4}
 85768 | Zig:7    | Entered Level 7 of a ziggurat
 85796 | Zig:7    | Identified the +11 long sword of forever1922's Misery
                  | {freeze, Int+6}
 85803 | Zig:8    | Entered Level 8 of a ziggurat
 85812 | Zig:8    | Noticed an ancient lich
 85813 | Zig:8    | Killed an ancient lich
 85816 | Zig:8    | Found the +9 heavy crossbow "Sniper" {vorpal, Acc+∞ SInv}
 85832 | Zig:8    | Identified the +8 quarterstaff of Vengeance {freeze, rF+
                  | Will+ Str+4 Stlth+}
 85845 | Zig:9    | Entered Level 9 of a ziggurat
 85855 | Zig:9    | Noticed Ybber the pandemonium lord
 85858 | Zig:9    | Killed Ybber the pandemonium lord
 85867 | Zig:9    | Identified the ring "Eweochui" {Fly Int+3}
 85875 | Zig:9    | Identified the +6 hunting sling of the Purple Skies {flame,
                  | Str+4}
 85887 | Zig:9    | Lost mutation: You are dopey. (Int -2) [potion of mutation]
 85887 | Zig:9    | Lost mutation: You are very agile. (Dex +4) [potion of
                  | mutation]
 85890 | Zig:10   | Entered Level 10 of a ziggurat
 85923 | Zig:10   | Identified the +6 great sword "Iqeth" {freeze, +Blink
                  | rPois}
 85927 | Zig:10   | Identified the ring "Mesy" {MP+9 Str+4}
 85941 | Zig:11   | Entered Level 11 of a ziggurat
 85988 | Zig:11   | Noticed a juggernaut
 85989 | Zig:11   | Killed a juggernaut
 85990 | Zig:11   | Noticed a juggernaut
 85992 | Zig:11   | Killed a juggernaut
 86007 | Zig:11   | Identified the +3 buckler "Nichiph" {Dex+5}
 86032 | Zig:11   | Lost mutation: Your magical capacity is low. (-10% MP)
                  | [potion of mutation]
 86032 | Zig:11   | Lost mutation: You evolve. [potion of mutation]
 86032 | Zig:11   | Gained mutation: Your mind is acute. (Int +2) [potion of
                  | mutation]
 86039 | Zig:12   | Entered Level 12 of a ziggurat
 86074 | Zig:12   | Identified the +7 scale mail "Veaguor" {Dex+7}
 86080 | Zig:12   | Identified the +8 fire dragon scales "Safaq" {rElec rF++
                  | rC- Int+2}
 86104 | Zig:13   | Entered Level 13 of a ziggurat
 86111 | Zig:13   | Noticed a royal mummy
 86112 | Zig:13   | Noticed a royal mummy
 86117 | Zig:13   | Killed a royal mummy
 86118 | Zig:13   | Killed a royal mummy
 86121 | Zig:13   | Killed a royal mummy
 86121 | Zig:13   | Noticed a royal mummy
 86125 | Zig:13   | Noticed a royal mummy
 86126 | Zig:13   | Killed a royal mummy
 86134 | Zig:13   | Killed a royal mummy
 86545 | Zig:13   | Identified the +7 trident of Iwnoptu {protect, rPois Will+
                  | Dex+3}
 86554 | Zig:13   | Got the Papyrus of Battle Magic and Translocation
 86560 | Zig:14   | Entered Level 14 of a ziggurat
 86601 | Zig:14   | Noticed a juggernaut
 86604 | Zig:14   | Killed a juggernaut
 86604 | Zig:14   | Noticed a juggernaut
 86605 | Zig:14   | Killed a juggernaut
 86623 | Zig:14   | Identified the +6 dagger of Joth {vamp, rN+ Str+6}
 86625 | Zig:14   | Identified the ring of Tajiptiyme {rN+ Str+3 Dex+4 Slay+4}
 86673 | Zig:15   | Entered Level 15 of a ziggurat
 86721 | Zig:15   | Identified the +8 plate armour "Rughi" {rElec Regen+ rCorr
                  | Str-4}
 86722 | Zig:15   | Identified the +3 falchion of Tomorrow {venom, Int+3}
 86749 | Zig:16   | Entered Level 16 of a ziggurat
 86770 | Zig:16   | Reached skill level 15 in Ice Magic
 86826 | Zig:16   | Identified the +2 halberd "Bemnu" {vorpal, +Rage rC+ Will+
                  | Int+4}
 86841 | Zig:16   | Identified the +10 war axe "Orb Guardian's Regret" {elec,
                  | rPois MP+9 Int-4}
 86848 | Zig:16   | Identified the ring "Setzi" {rF- Will+ rCorr Dex+6}
 86852 | Zig:16   | Identified the +7 glaive of Mutilation {venom, Int+4}
 86910 | Zig:17   | Entered Level 17 of a ziggurat
 86960 | Zig:17   | Identified the +4 ring mail "Bodot" {Slay+4}
 86962 | Zig:17   | Got the Guide on the Sinister Volcanoes
 86970 | Zig:17   | Identified the ring "Egiatz" {rC+ Slay+3}
 86987 | Zig:17   | Identified the +5 great sword of Vanity {holy, Fly Stlth+}
 87008 | Zig:17   | Identified the +1 robe of Inquiry {Will+ Int+4}
 87013 | Zig:17   | Identified the +7 shortbow of Ruphipoj {flame, rElec Int+3}
 87018 | Zig:18   | Entered Level 18 of a ziggurat
 87039 | Zig:18   | Noticed an ancient lich
 87040 | Zig:18   | Noticed an ancient lich
 87041 | Zig:18   | Killed an ancient lich
 87041 | Zig:18   | Killed an ancient lich
 87041 | Zig:18   | Noticed a dread lich
 87044 | Zig:18   | Killed a dread lich
 87045 | Zig:18   | Noticed an ancient lich
 87045 | Zig:18   | Noticed a dread lich
 87047 | Zig:18   | Killed a dread lich
 87048 | Zig:18   | Killed an ancient lich
 87136 | Zig:18   | Identified the +1 cloak of Diroptir {rPois Str+3 Dex-5}
 87138 | Zig:18   | Identified the +0 leather armour "Takkameaku" {-Tele rCorr
                  | MP+9 Dex+2}
 87143 | Zig:18   | Identified the +12 demon blade of Floral Indomitability
                  | {venom, Drain +Rage rPois SInv}
 87148 | Zig:18   | Identified the +4 hand axe of Parts Unknown {antimagic,
                  | SInv Stlth+}
 87154 | Zig:18   | Identified the +1 great mace "Boesir" {speed, Will+}
 87165 | Zig:19   | Entered Level 19 of a ziggurat
 87220 | Zig:19   | Noticed an orb of fire
 87222 | Zig:19   | Noticed an orb of fire
 87229 | Zig:19   | Killed an orb of fire
 87230 | Zig:19   | Killed an orb of fire
 87232 | Zig:19   | Noticed an orb of fire
 87233 | Zig:19   | Noticed an orb of fire
 87237 | Zig:19   | Noticed an orb of fire
 87238 | Zig:19   | Gained mutation: You are occasionally teleported next to
                  | monsters. [an orb of fire]
 87240 | Zig:19   | Gained mutation: You are sometimes teleported next to
                  | monsters. [an orb of fire]
 87240 | Zig:19   | Lost mutation: You are agile. (Dex +2) [an orb of fire]
 87242 | Zig:19   | Gained mutation: You are weak. (Str -2) [an orb of fire]
 87243 | Zig:19   | HP: 6/194 [orb of fire/fireball (10)]
 87243 | Zig:19   | Killed from afar by an orb of fire

Illustrated notes

Levels and vault maps discovered:
D:1:      elethiomel_arrival_infinity_welcomes_careful_drivers, layout_basic,
          st_stairs_6, kennysheep_flooded_box
D:2:      layout_rooms, serial_shops, nicolae_shop_statue_plus,
          nicolae_shop_trees, nicolae_shop_trees, shop, guppyfry_early_orc_mine,
          uniq_jessica, uniq_crazy_yiuf_cottage
D:3:      layout_rooms, mainiacjoe_overflow_chevrons,
          dreamdust_ecumenical_altar_sealed_demon, serial_park_tiny_1,
          dk_noncrumbling_2
D:4:      layout_basic, mainiacjoe_overflow_six_doors_small, serial_shops,
          nicolae_stop_n_shop_2, shop
D:5:      layout_rooms, chequers_garden, minivault_25, uniq_pikel
D:6:      layout_loops_ring, temple_pool_b, nicolae_ossuary_entry_giza,
          serial_glass, glass_columns_a, glass_columns_a, uniq_menkaure
D:7:      cheibrodos_fzero, layout_loops_cross, general_overflow_altar,
          serial_shops, shop, st_stairs_9, grunt_ministairs_1,
          wad_rectangle_vault
D:8:      layout_basic
D:9:      layout_irregular_city
D:10:     layout_rooms, minitemple, serial_shops, nicolae_square_shop,
          palyth_stone_intersect, hangedman_feature_mirror, uniq_maggie,
          uniq_erica
D:11:     layout_gridville, lair_entry_dummy, orc_david_3
D:12:     layout_roguey, uniq_erolcha
D:13:     hangedman_what_comes_after_a, layout_stronghold, serial_rivers,
          chequers_serial_rivers_small_b, chequers_serial_rivers_small_a,
          chequers_serial_rivers_micro_e, chequers_serial_rivers_room_a,
          chequers_serial_rivers_room_b, chequers_serial_rivers_micro_d
D:14:     layout_loops_ring, david_vaults_4, gauntlet_entry_generic,
          chequers_mini_garden, argonaut_gorgonesque, uniq_louise
D:15:     grunt_enter_depths_hoard, layout_small_grid, kennysheep_crisscross,
          zin_scriptorium
Temple:   compressed_dpeg_circular_temple
Lair:1:   beast_lair_carwin_large_2, layout_concentric_octagons,
          chequers_serial_rivers_room_b, chequers_serial_rivers_micro_a,
          uniq_sonja
Lair:2:   layout_cave_pods, portal_ice_cave_rime, serial_bayou_shore_b
Lair:3:   layout_cave_pods, lightli_volcano_entry_magma_tube,
          nzn_sisyphean_effort, grunt_megastairs_3
Lair:4:   layout_layer_cave, minmay_shoals_entry_hut,
          guppyfry_snake_entry_garden, grunt_megastairs_5
Lair:5:   gammafunk_indiana_jones, layout_cave_pods, basic_altar
Lair:6:   evil_forest, layout_small_grid, minmay_slime_entry_pillars
Shoals:1: layout_shoals
Shoals:2: layout_shoals
Shoals:3: layout_shoals, nicolae_shoals_elemental_ambush
Shoals:4: shoals_end_grunt_ice, layout_shoals, uniq_roxanne
Snake:1:  layout_basic, drop_trap, grunt_megastairs_4
Snake:2:  layout_layer_cave, serial_bayou_shore_a, uniq_asterion
Snake:3:  layout_grid_shapes, basic_altar, nicolae_shop_self_help
Snake:4:  hellmonk_snake_rune_quicksilver_temple, layout_basic, serial_shops,
          nicolae_shop_overgrown_old_shop, nicolae_shop_statue_plus,
          nicolae_shop_behind_doors, nicolae_shop_stone, nicolae_square_shop,
          minmay_shop_grid_forest, nicolae_shop_overcharged_wands
Slime:1:  layout_caves
Slime:2:  layout_caves, nicolae_slime_barrier, uniq_dissolution
Slime:3:  layout_caves
Slime:4:  layout_caves
Slime:5
Orc:1:    layout_caves, serial_shops, shop_fountains, hangedman_minor_magic
Orc:2:    st_orc_elflike, layout_caves
Elf:1:    minmay_elf_arrival_summoners, layout_onion_city,
          hangedman_elven_crosses_minicolossus, amcnicky_mini_corridor_feature,
          minivault_15, st_stairs_12, uniq_donald
Elf:2:    elven_hall_of_blades_hangedman_original [mumra_blade_entry_bloodbath],
          layout_rooms, nicolae_stop_n_shop_1, corexii_hall_statues_deadend,
          st_stairs_14, due_unseen_surprise
Elf:3:    nooodl_elf_gasket, layout_geoelf_castle, serial_shops,
          nicolae_shop_behind_doors
Vaults:1: vaults_mumra_minichess, ontoclasm_vaults_claustrophobia,
          vaults_room_guarded_vault, v_misc_8, nicolae_vaults_network_star,
          vaults_room_hallway, ontoclasm_vaults_loading_screen,
          vaults_room_door_ring, vaults_room_corners, layout_vaults_omnicross,
          serial_shops, nicolae_shop_window_shopping
Vaults:2: v_misc_5, grunt_vaults_trifunnel, minmay_crypt_entry_necro_gods,
          ontoclasm_vaults_loading_screen, v_misc_33,
          vaults_standard_mumra_enter_the_diamond, ontoclasm_vaults_shuriken,
          nicolae_vaults_rhombus_6, vaults_dpeg_diagonal, v_misc_4,
          layout_vaults_chaotic_city, uniq_sojobo
Vaults:3: nicolae_vaults_three_branches, vaults_dpeg_ring,
          nicolae_vaults_what_the_h, v_misc_18, grunt_vaults_diagonal,
          hangedman_vaults_hat, v_rooms_3, v_misc_5, special_room_vaults
          [special_room_orc], serial_ice_m, layout_vaults_ring, uniq_nikola
Vaults:4: nicolae_vaults_circle_grid_a, ontoclasm_vaults_idyll,
          vaults_mumra_chevron, vaults_room_pools, dpeg_vaults_monster_box,
          vaults_room_pools, layout_vaults_omnigrid, uniq_jory, uniq_boris
Vaults:5: serial_shops
Crypt:1:  layout_gridlike, grunt_crypt_arrival_webbed, lemuel_upstairs_altar
Crypt:2:  layout_rooms, st_chilly_death
Crypt:3:  church_of_pain_bobbens, layout_chaotic_city,
          tomb_entry_simple_bobbens, grunt_ministairs_13, st_stairs_8
Tomb:1
Depths:1: layout_basic, serial_shops, shop, hellmouth_2, fedhas_altar_2,
          abyss_entry, horrible_house_mu
Depths:2: nicolae_whirlpool, layout_cave_shapes, hangedman_decor_opposing,
          hell_entry, serial_shops, freezing_bzr,
          worldfamousw_hep_ancestral_shrine, kennysheep_random_hallway
Depths:3: minmay_imperfect_grid, layout_basic, rand_demon_pan_entry_3,
          solitary_fountain, hell_entry, uniq_aizul, uniq_saint_roka
Depths:4: lemuel_castle_with_subvaults [lemuel_castle_interior_carwin_1],
          layout_basic, enter_ziggurat_b, kiku_gazebo_garden_becter,
          abyss_entry, hell_entry, rand_demon_pan_entry_4
Depths:5: grunt_zot_entry_alcove, layout_long_grid, hell_entry,
          minmay_shop_star, infiniplex_staircase_pool_lava
Hell
Dis:1:    layout_gridville
Dis:2:    layout_subdivisions
Dis:3:    layout_subdivisions
Dis:4:    layout_jigsaw
Dis:5:    layout_chaotic_city
Dis:6:    layout_jigsaw, hangedman_dis_decor_tower
Dis:7:    dis_grunt_layers
Coc:1:    layout_ice_bergs
Coc:2:    layout_ice_bergs
Coc:3:    layout_ice_bergs
Coc:4:    layout_cocytus_water_paths
Coc:5:    layout_cocytus_water_paths
Coc:6:    layout_cocytus_water_paths
Coc:7:    coc_dpeg
Tar:1:    layout_grid_maze, nicolae_tar_cuneiform_sun, nicolae_tar_cuneiform_two
Tar:2:    layout_catacombs, nicolae_tar_cuneiform_three, lemuel_elevator
Tar:3:    layout_catacombs
Tar:4:    layout_honeycomb, grunt_megastairs_2
Tar:5:    layout_grid_maze
Tar:6:    layout_catacombs, grunt_megastairs_1
Tar:7:    tar_old
Zot:1:    layout_gridville
Zot:2:    gammafunk_dig_for_victory, layout_twisted_circle, grunt_ministairs_6
Zot:3:    layout_gridville, grunt_ministairs_11
Zig:19:   ziggurat_pillar_centre_oklobs, ziggurat_pillar_centre_oklobs,
          ziggurat_pillar_centre_oklobs, ziggurat_pillar_centre_oklobs

Skill      XL: |  1  2  3  4  5  6  7  8  9 10 11 12 13 14 15 16 17 18 19 20 21 22 23 24 25 26 27 |
---------------+----------------------------------------------------------------------------------+-----
Earth Magic    | 4 5 7 8 9 11 13 14 15 16 17 18 19 20 21 22 23 24 27 | 27.0
Spellcasting   | 3 4 5 6 7 8 9 10 11 12 13 14 15 16 17 18 22 | 22.2
Fighting       | 1 3 5 7 8 9 10 11 12 13 15 16 18 19 20 21 25 | 25.6
Armour         | 1 3 5 7 9 10 11 12 13 14 15 16 17 22 | 22.7
Conjurations   | 1 2 3 6 8 10 11 12 13 14 15 16 22 | 22.7
Dodging        | 2 3 4 5 6 7 8 9 10 11 12 17 | 17.0
Shields        | 3 4 5 6 7 9 10 11 12 13 14 18 | 18.8
Necromancy     | 2 4 |  4.0
Long Blades    | 1 3 5 6 7 8 |  8.1
Translocations | 2 11 | 11.1
Evocations     | 1 3 4 5 6 7 14 | 14.3
Staves         | 2 4 5 6 7 12 | 12.0
Fire Magic     | 1 4 5 23 | 23.4
Ice Magic      | 16 | 16.9
Stealth        | |  2.1
Transmutations | |  0.7

Action                   |  1- 3 |  4- 6 |  7- 9 | 10-12 | 13-15 | 16-18 | 19-21 | 22-24 | 25-27 || total
-------------------------+-------+-------+-------+-------+-------+-------+-------+-------+-------++-------
Melee: Unarmed           |   101 |       |       |       |       |       |       |       |       ||   101
       War axe           |    11 |    88 |   191 |   109 |       |       |       |       |       ||   399
       Kick              |       |       |     1 |    38 |       |     1 |       |       |       ||    40
       Scimitar          |       |       |       |    34 |   136 |       |       |       |       ||   170
       Flail             |       |       |       |    11 |       |       |       |       |       ||    11
       Long sword        |       |       |       |       |   204 |   289 |    43 |       |   172 ||   708
       Headbutt          |       |       |       |       |    40 |    79 |    25 |     9 |    74 ||   227
       Staff             |       |       |       |       |       |       |    25 |    46 |   707 ||   778
 Cast: Sandblast         |    31 |    14 |    47 |   120 |   208 |    14 |       |    12 |     2 ||   448
       Stone Arrow       |       |     5 |    47 |   234 |   253 |   301 |    33 |       |       ||   873
       Borgnjor's Vile C |       |       |       |       |   155 |   260 |   163 |    26 |   192 ||   796
       Lee's Rapid Decon |       |       |       |       |     9 |    28 |     6 |       |     5 ||    48
       Blink             |       |       |       |       |       |     2 |       |       |    17 ||    19
       Bolt of Magma     |       |       |       |       |       |     9 |    12 |    13 |    56 ||    90
       Iron Shot         |       |       |       |       |       |       |   229 |    84 |   593 ||   906
       Shatter           |       |       |       |       |       |       |    58 |   131 |   873 ||  1062
       Lehudib's Crystal |       |       |       |       |       |       |     2 |     1 |    40 ||    43
       Fire Storm        |       |       |       |       |       |       |       |       |   100 ||   100
       Polar Vortex      |       |       |       |       |       |       |       |       |     1 ||     1
Evoke: Wand              |       |       |       |     5 |     1 |     2 |       |       |    12 ||    20
  Use: Potion            |       |       |     5 |    13 |     6 |    12 |    18 |     1 |    43 ||    98
       Scroll            |       |       |       |    17 |    13 |    10 |     5 |     3 |    23 ||    71
 Stab: Sleeping          |     1 |     3 |     3 |       |       |       |       |       |       ||     7
       Distracted        |       |       |       |     1 |       |       |       |       |       ||     1
       Petrified         |       |       |       |       |     6 |       |       |       |       ||     6
Armor: Robe              |    68 |    50 |   152 |    85 |       |       |       |       |       ||   355
       Pearl dragon scal |       |       |       |   179 |   549 |   509 |   202 |   122 |  1166 ||  2727
Dodge: Dodged            |   112 |    63 |   196 |   174 |   296 |   374 |    90 |    71 |   733 ||  2109
Block: Buckler           |       |       |     6 |    65 |   129 |   229 |       |       |       ||   429
       Kite shield       |       |       |       |       |   134 |    73 |   178 |   127 |  1059 ||  1571
       Reflection        |       |       |       |       |     3 |    13 |    27 |    11 |    54 ||   108
       Tower shield      |       |       |       |       |       |       |       |       |    37 ||    37
       Rpst.: Scimitar   |       |       |       |    14 |    35 |       |       |       |       ||    49
       Long sword        |       |       |       |       |    44 |    72 |     7 |       |    22 ||   145
